 Dungeon Crawl Stone Soup version 0.24.0-13-gcf9b319 (webtiles) character file.

Game seed: 17006017784845998221, levelgen mode: deterministic

525 Fang the Shield-Bearer (level 7, -11/44 HPs)
             Began as a Gargoyle Fighter on Jan 2, 2020.
             Was an Initiate of Trog.
             Mangled by an ogre
             ... wielding a +0 giant spiked club
              (16 damage)
             ... on level 4 of the Dungeon.
             The game lasted 00:05:25 (3591 turns).

Fang the Shield-Bearer (Gargoyle Fighter)           Turns: 3591, Time: 00:05:26

Health: -11/44     AC: 17    Str: 21    XL:     7   Next: 22%
Magic:  7/7        EV:  4    Int:  9    God:    Trog [......]
Gold:   169        SH: 10    Dex:  9    Spells: 6/6 levels left

rFire    . . .     SeeInvis .   a - +0 war axe
rCold    . . .     Gourm    .   B - +0 shield
rNeg     + . .     Faith    .   b - +0 plate armour
rPois    ∞         Spirit   .   (no helmet)
rElec    +         Reflect  .   (no cloak)
rCorr    .         Harm     .   (no gloves)
MR       .....                  (no boots)
Stlth    ..........             k - amulet of rage
HPRegen  0.14/turn              (no ring)
MPRegen  0.10/turn              (no ring)

@: no status effects
A: negative energy resistance 1, electricity resistance, unbreathing,
petrification resistance, rot immunity, AC +4
a: Renounce Religion, Evoke Berserk Rage


You were on level 4 of the Dungeon.
You worshipped Trog.
Trog was noncommittal.
You were not hungry.

You visited 2 branches of the dungeon, and saw 6 of its levels.

You collected 169 gold pieces.

Inventory:

Hand Weapons
 a - a +0 war axe (weapon)
Armour
 b - a +0 plate armour (worn)
 B - a +0 shield (worn)
Jewellery
 k - an amulet of rage (around neck)
Wands
 j - a wand of digging (11)
Scrolls
 f - 2 scrolls of enchant armour {unknown}
 g - 2 scrolls of teleportation
 l - 2 scrolls of fear
 m - a scroll of identify
Potions
 d - a potion of might
 e - a potion of cancellation {unknown}
 h - 7 potions of curing
 i - a potion of heal wounds {unknown}
 n - 2 potions of berserk rage {unknown}
Comestibles
 c - 3 rations
 o - 5 chunks of flesh


   Skills:
 + Level 5.1 Fighting
 + Level 3.7 Axes
 + Level 5.2 Armour
 + Level 5.2 Shields


You had 6 spell levels left.
You didn't know any spells.
Your spell library was empty.

Dungeon Overview and Level Annotations

Branches:
Dungeon (5/15)             Temple (1/1) D:5

Altars:
Fedhas
Hepliaklqana
Makhleb
Okawaru
Qazlal
Ru
Trog
Vehumet
Wu Jian
Yredelemnul
Zin
The Shining One


Innate Abilities, Weirdness & Mutations

You are resistant to torment.
Your stone body is resilient. (AC +4)
You are immune to poison.
You resist negative energy. (rN+)
You are resistant to electric shocks. (rElec)
You can survive without breathing.
You are immune to petrification.
You are immune to rotting.


Message History

You hit the ogre. The iguana bites you.
The ogre hits you with a +0 giant spiked club!
* * * LOW HITPOINT WARNING * * *
You are too injured to fight recklessly!
You are too injured to fight recklessly!
You are too injured to fight recklessly!
You are too injured to fight recklessly!
You are too injured to fight recklessly!
You are too injured to fight recklessly!
You are too injured to fight recklessly!
You are too injured to fight recklessly!
You are too injured to fight recklessly!
You are too injured to fight recklessly!
You are too injured to fight recklessly!
You feel better. The iguana bites you!
* * * LOW HITPOINT WARNING * * *
You fail to use your ability.
You block the iguana's attack.
The ogre hits you with a +0 giant spiked club!
You die...

........# . #.......#
).#.......#####
.............. .##..........
...........######
......l.........#
....!.O@.....##÷######
...............÷.....#
..#................##.####.##
..#..........###.(###.# #..#
.............###..# #.# #..#
..#...........[......<##.#
#..#
......................##.#
#..# .#...
...............###.# #..##
.#...####............# #.#
#....


You could see an ogre and an iguana.

Vanquished Creatures
  Menkaure (D:5)
  A phantom (D:3)
  A hound (D:5)
  2 orc wizards (D:3)
  An orc priest (D:3)
  Crazy Yiuf (D:2)
  Terence (D:3)
  4 adders
  A gnoll (D:1)
  2 worms (D:2)
  A dart slug (D:1)
  2 leopard geckos
  9 orcs
  A ball python (D:1)
  4 giant cockroaches
  6 goblins
  11 hobgoblins
  9 jackals
  5 bats
  6 frilled lizards
  5 kobolds (D:1)
  7 rats
81 creatures vanquished.

Notes
Turn   | Place    | Note
-------+----------+-------------------------------------------
     0 | D:1      | Fang the Gargoyle Fighter began the quest for the Orb.
     0 | D:1      | Reached XP level 1. HP: 14/14 MP: 1/1
   129 | D:1      | Reached XP level 2. HP: 15/19 MP: 2/2
   433 | D:1      | Reached XP level 3. HP: 23/23 MP: 3/3
  1134 | D:2      | Found a runed translucent door.
  1135 | D:2      | Noticed Crazy Yiuf
  1164 | D:2      | Reached XP level 4. HP: 22/29 MP: 4/4
  1372 | D:2      | Found a sacrificial altar of Ru.
  1612 | D:2      | Killed Crazy Yiuf
  1707 | D:3      | Reached XP level 5. HP: 12/33 MP: 5/5
  2350 | D:3      | Noticed Terence
  2361 | D:3      | Reached XP level 6. HP: 24/39 MP: 6/6
  2361 | D:3      | Noticed a phantom
  2362 | D:3      | Killed Terence
  2382 | D:3      | Killed a phantom
  2706 | D:3      | Found a radiant altar of Vehumet.
  2721 | D:3      | Found a glowing silver altar of Zin.
  2721 | D:3      | You fall into a shaft and drop 2 floors!
  2721 | D:5      | Entered Level 5 of the Dungeon
  2741 | D:5      | Found a staircase to the Ecumenical Temple.
  2748 | Temple   | Entered the Ecumenical Temple
  2814 | Temple   | Became a worshipper of Trog the Wrathful
  2937 | D:5      | Noticed Menkaure
  2944 | D:5      | Killed Menkaure
  2944 | D:5      | Reached skill level 5 in Fighting
  2944 | D:5      | Reached skill level 5 in Armour
  2944 | D:5      | Reached skill level 5 in Shields
  2944 | D:5      | Reached XP level 7. HP: 44/44 MP: 7/7
  3591 | D:4      | Mangled by an ogre

Levels and vault maps discovered:
D:1:      ebering_trefoil_3fold, layout_basic, corexii_item_surrounded_by_moat,
          columned_hall_lemuel, minmay_vboxes
D:2:      layout_loops_ring, nicolae_ru_path_of_blood, uniq_crazy_yiuf_cottage
D:3:      layout_rooms, marbit_many_paths, lemuel_doored_altar,
          nicolae_overflow_hidden_temple, nicolae_overflow_crystal_walls,
          uniq_terence, uniq_ijyb
D:4:      layout_basic, overflow_temple_1_default, first_ration
D:5:      layout_gridville, minmay_temple_entry_waves, minmay_misc_feat_cross,
          uniq_menkaure
Temple:   kb_temple_of_zot

Skill      XL: |  1  2  3  4  5  6 |
---------------+-------------------+-----
Axes           | 2 3 |  3.7
Shields        | 4 5 |  5.2
Fighting       | 4 5 |  5.1
Armour         | 4 5 |  5.2

Action                   |  1- 3 |  4- 6 |  7- 9 || total
-------------------------+-------+-------+-------++-------
Melee: War axe           |   124 |   127 |    38 ||   289
 Abil: Evoke Berserk Rag |       |     3 |       ||     3
  Use: Scroll            |       |     4 |       ||     4
       Potion            |       |       |     1 ||     1
  Eat: Chunk             |     1 |     3 |     1 ||     5
       Ration            |       |     1 |     1 ||     2
Armor: Scale mail        |    71 |    89 |       ||   160
       Plate armour      |       |       |    40 ||    40
Dodge: Dodged            |    40 |    49 |     6 ||    95
Block: Shield            |    55 |    98 |    27 ||   180
